 Dungeon Crawl Stone Soup version 0.30-a0-1124-g6e8f0f562f (webtiles) character file.

Game seed: 16365640167140060675

791 CryoSword the Caller (level 7, -2/61 HPs)
             Began as a Demigod Summoner on Apr 23, 2023.
             Slain by a killer bee (3 damage)
             ... on level 5 of the Dungeon.
             The game lasted 00:07:13 (5348 turns).

CryoSword the Caller (Demigod Summoner)             Turns: 5348, Time: 00:07:13

Health: -2/61      AC:  5    Str: 17    XL:     7   Next: 31%
Magic:  9/13       EV: 12    Int: 23    God:
Gold:   236        SH:  0    Dex: 14    Spells: 4/10 levels left

rFire   . . .        o - +2 dagger (venom)
rCold   . . .        (no shield)
rNeg    . . .        a - +1 robe
rPois   .            (no helmet)
rElec   .            t - +0 cloak
rCorr   .            v - +0 pair of gloves
SInv    .            (no boots)
Will    +....        (no amulet)
Stlth   ++           f - +6 ring of intelligence
HPRegen 0.30/turn    j - ring of willpower
MPRegen 0.13/turn

%: no passive effects
@: lethally poisoned (-2 -> -11), about to teleport
A: high MP 1, forlorn, divine attributes
a: no special abilities


You were on level 5 of the Dungeon.
You visited 1 branch of the dungeon, and saw 5 of its levels.

You collected 236 gold pieces.

Inventory:

Hand Weapons
 c - a +0 rapier
   (You found it on level 1 of the Dungeon)
 o - a +2 dagger of venom (weapon)
   (You took it off a goblin on level 2 of the Dungeon)
 A - a +1 dagger of electrocution
   (You took it off Ijyb on level 4 of the Dungeon)
Missiles
 m - 3 boomerangs
 s - 3 curare-tipped darts
 u - 5 poisoned darts
Armour
 a - a +1 robe (worn)
 t - a +0 cloak (worn)
   (You found it on level 3 of the Dungeon)
 v - a +0 pair of gloves (worn)
   (You found it on level 5 of the Dungeon)
Jewellery
 f - a +6 ring of intelligence (left hand)
   (You found it on level 1 of the Dungeon)
 j - a ring of willpower (right hand)
   (You found it on level 2 of the Dungeon)
 y - a ring of protection from cold
   (You found it on level 5 of the Dungeon)
 B - a ring of protection from fire
   (You found it on level 4 of the Dungeon)
Wands
 w - a wand of iceblast (16)
   (You found it on level 5 of the Dungeon)
 z - a wand of charming (10)
   (You took it off Ijyb on level 4 of the Dungeon)
Scrolls
 d - a scroll of amnesia {unknown}
 e - 2 scrolls of immolation {unknown}
 h - 3 scrolls of identify {unknown}
 i - 3 scrolls of enchant armour
 l - 5 scrolls of fog
 q - a scroll of teleportation {@r4}
 r - 2 scrolls of enchant weapon {unknown}
 x - a scroll of poison {unknown}
 C - a scroll of magic mapping {unknown}
 F - a scroll of torment {unknown}
Potions
 b - 4 potions of magic
 g - 4 potions of curing {unknown}
 k - 2 potions of lignification {unknown}
 n - 2 potions of heal wounds {unknown}
 p - a potion of flight {unknown}
 D - a potion of berserk rage {unknown}
 E - a potion of degeneration {unknown}
 G - a potion of attraction {unknown}
 H - a potion of ambrosia {unknown}


   Skills:
 + Level 5.2 Fighting
 - Level 1.7 Dodging
 - Level 1.7 Stealth
 - Level 2.0 Spellcasting
 + Level 6.6 Summonings


You had 4 spell levels left.
You knew the following spells:

 Your Spells              Type           Power      Damage    Failure   Level
a - Summon Small Mammal   Summ           100%       N/A       1%          1
b - Call Imp              Summ           64%        N/A       1%          2
c - Call Canine Familiar  Summ           32%        N/A       2%          3

Your spell library contained the following spells:

 Spells                   Type           Power      Damage    Failure   Level
 Summon Guardian Golem    Hex/Summ       17%        N/A       10%         3
 Sting                    Tmut/Pois      8%         1d3       13%         1
 Blink                    Tloc           4%         N/A       19%         2
 Ensorcelled Hibernation  Hex/Ice        4%         N/A       19%         2
 Lesser Beckoning         Tloc           4%         N/A       19%         2
 Momentum Strike          Conj/Tloc      4%         3d8       19%         2
 Poisonous Vapours        Pois/Air       4%         N/A       19%         2
 Animate Armour           Summ/Erth      34%        N/A       32%         4
 Summon Lightning Spire   Summ/Air       17%        N/A       32%         4
 Mephitic Cloud           Conj/Pois/Air  2%         N/A       36%         3
 Spider Form              Tmut/Pois      2%         N/A       36%         3
 Stone Arrow              Conj/Erth      4%         3d7       36%         3
 Anguish                  Hex/Necr       1%         N/A       77%         4
 Olgreb's Toxic Radiance  Pois           2%         N/A       77%         4
 Freezing Cloud           Conj/Ice/Air   1%         6-21      98%         5
 Orb of Destruction       Conj           1%         9d5       100%        7
 Spellforged Servitor     Conj/Summ      8%         N/A       100%        7
 Lehudib's Crystal Spear  Conj/Erth      1%         10d2      100%        8


Dungeon Overview and Level Annotations

Branches:
Dungeon (5/15)
 Temple: D:4-7

Annotations:
D:4 2 transporters, MoltyBleed's ghost, amateur DrFE


Innate Abilities, Weirdness & Mutations

You have an increased reservoir of magic. (+10% MP)
You shall have no god before yourself.
Your divine heritage dramatically boosts your attributes as you level up.


Message History

Found 2 stones.
b - 4 potions of magic (gained 2)
You see here 2 stones.
l - 5 scrolls of fog (gained 1)
You see here a +2 long sword of protection.
H - a viscous emerald potion A shadow imp comes into view.
A shadow imp is nearby!
A shadow imp is nearby!
A shadow imp is nearby!
The shadow imp shouts!
A tiny devil pulls itself out of the air.
You swap places.
The shadow imp shouts, "Away with thee, thou foppish moon-mazed clack-dish!"
The shadow imp closely misses you.
Your hound bites the shadow imp.
Your cerulean imp hits the shadow imp from afar with a -1 spear.
You hit the shadow imp but do no damage.
The shadow imp closely misses you.
Your hound barely misses the shadow imp.
Your cerulean imp closely misses the shadow imp.
You hit the shadow imp.
Your hound completely misses the shadow imp.
The shadow imp hits you but does no damage.
Your hound bites the shadow imp.
Your cerulean imp hits the shadow imp from afar with a -1 spear.
You hit the shadow imp. The shadow imp barely misses you.
Your hound barely misses the shadow imp.
Your cerulean imp hits the shadow imp from afar with a -1 spear.
The shadow imp dies!
No target in view!
Key pressed, stopping explore.
You swap places.
You swap places.
There are monsters nearby!
There are monsters nearby!
There are monsters nearby!
The killer bee buzzes angrily. x2
Your cerulean imp closely misses the killer bee.
The killer bee stings you.
Your hound bites the killer bee.
You completely miss the killer bee. The killer bee misses you.
The killer bee stings you.
You are poisoned.
The killer bee poisons you!
Your cerulean imp hits the killer bee from afar with a -1 spear.
The killer bee stings you.
You are more poisoned.
The killer bee poisons you! The killer bee stings your hound.
Your hound closely misses the killer bee.
You feel very sick. The killer bee stings you.
The killer bee completely misses you. The killer bee barely misses you.
Your hound bites the killer bee.
Your cerulean imp barely misses the killer bee.
The killer bee closely misses your hound.
The killer bee closely misses you.
Your hound closely misses the killer bee.
You feel sick. The killer bee stings you. The killer bee barely misses you.
The killer bee stings you but does no damage.
The killer bee stings you.
Your cerulean imp misses the killer bee.
The killer bee barely misses you. The killer bee stings you.
The killer bee completely misses you. The killer bee stings you.
Your hound misses the killer bee.
Your rat completely misses the killer bee.
The killer bee attacks as you move away!
The killer bee barely misses you.
The killer bee attacks as you move away!
The killer bee stings you.
* * * LOW HITPOINT WARNING * * *
You feel sick.
The killer bee barely misses your hound.
The killer bee completely misses your hound. x2
Your hound bites the killer bee.
Your cerulean imp completely misses the killer bee.
The killer bee stings you.
* * * LOW HITPOINT WARNING * * *
The killer bee stings your hound! The killer bee barely misses you.
The killer bee stings your hound.
The killer bee barely misses your hound.
Your quokka closely misses the killer bee.
Your hound misses the killer bee.
Your rat bites the killer bee.
You swap places.
You feel sick.
The killer bee misses your cerulean imp.
The killer bee misses your rat.
The killer bee stings your hound but does no damage.
The killer bee barely misses your rat. The killer bee stings your quokka.
Your quokka is poisoned.
The killer bee poisons your quokka!
The killer bee stings your cerulean imp.
Your cerulean imp hits the killer bee with a -1 spear.
The killer bee misses your quokka.
The killer bee barely misses your cerulean imp.
The killer bee misses your rat.
The killer bee closely misses your cerulean imp.
The killer bee stings your hound.
Your hound dies!
Your hound's corpse disappears in a puff of smoke!
The killer bee completely misses your rat.
Your quokka barely misses the killer bee.
Your rat closely misses the killer bee.
You feel sick. The killer bee stings your rat.
Your rat dies!
Your rat's corpse disappears in a puff of smoke!
The killer bee closely misses your cerulean imp. x2
The killer bee stings your quokka!
Your quokka dies!
Your quokka's corpse disappears in a puff of smoke!
Your cerulean imp hits the killer bee with a -1 spear.
The killer bee barely misses you.
The killer bee barely misses your cerulean imp.
The killer bee closely misses your cerulean imp.
You feel sick.
The killer bee misses your cerulean imp.
The killer bee barely misses your cerulean imp.
The killer bee barely misses you.
Your cerulean imp closely misses the killer bee.
The killer bee stings you.
* * * LOW HITPOINT WARNING * * *
The killer bee stings your cerulean imp. x2
You barely miss the killer bee.
You feel sick. The killer bee closely misses you.
The killer bee misses your cerulean imp.
The killer bee barely misses you.
The killer bee closely misses your cerulean imp.
The killer bee barely misses you. The killer bee closely misses you.
Your hound misses the killer bee.
Your cerulean imp misses the killer bee.
The killer bee stings you.
* * * LOW HITPOINT WARNING * * *
The killer bee misses you. The killer bee stings you.
* * * LOW HITPOINT WARNING * * *
The killer bee barely misses your cerulean imp.
The killer bee stings you.
* * * LOW HITPOINT WARNING * * *
The killer bee closely misses your cerulean imp.
Your hound completely misses the killer bee.
As you read the scroll of teleportation {@r4}, it crumbles to dust.
You feel strangely unstable.
You feel sick.
You are no longer poisoned.
The killer bee barely misses you.
The killer bee closely misses your cerulean imp.
The killer bee closely misses you.
The killer bee closely misses your cerulean imp.
The killer bee stings you.
* * * LOW HITPOINT WARNING * * *
You are lethally poisoned!
The killer bee poisons you! The killer bee barely misses you.
Your cerulean imp completely misses the killer bee.
The killer bee stings you.
You die...

##### ....# #### ##### ....# #..#
#.... ....# #..###.### ....#
#..#.#.# # #'### #..###.# #
#.######################h.###.# #
#.#...................##.###..# #
#.#.#.#.#.#.#.#y@#.......# #.####
#.#...........yyyy.##.######.....
#.#...⌠)....⌠..5.h.#..#..........
#........_....y....#.##.####.....
#.#...⌠.....⌠......#.5...........
#.#......................##...###
#...#.#.#.#.#.#..................
###†.....................##<..###
#.......##..(.#..................


You could see 6 killer bees, a friendly hound (summoned) and a friendly cerulean
imp (summoned).

Vanquished Creatures
  An ice beast (D:5)
  2 ogres
  A hound (D:5)
  Ijyb (D:4)
  3 adders
  A gnoll (D:3)
  A worm (D:3)
  A dart slug (D:1)
  2 orcs (D:5)
  9 bats
  4 endoplasms
  A giant cockroach (D:2)
  3 goblins
  2 hobgoblins
  4 jackals (D:1)
  2 kobolds
  2 quokkas
  3 ball pythons
  3 frilled lizards (D:1)
  2 rats
  A butterfly (D:2)
49 creatures vanquished.

Vanquished Creatures (collateral kills)
  An ogre (D:5)
  A bullfrog (D:5)
  A hound (D:5)
  Jessica (D:2)
  Natasha (thrice) (D:4)
  2 gnolls (D:3)
  3 adders
  2 shadow imps (D:5)
  A worm (D:2)
  A dart slug (D:2)
  7 orcs
  2 endoplasms (D:1)
  2 giant cockroaches
  2 goblins
  5 hobgoblins
  4 jackals
  2 kobolds
  A quokka (D:1)
  A ball python (D:1)
  2 bats
  A frilled lizard (D:1)
  A rat (D:1)
  3 butterflies (D:2)
49 creatures vanquished.

Vanquished Creatures (others)
  4 fungi (D:5)
  A plant (D:2)
5 creatures vanquished.

Grand Total: 103 creatures vanquished

Notes
Turn   | Place    | Note
-------+----------+-------------------------------------------
     0 | D:1      | CryoSword the Demigod Summoner began the quest for the Orb.
     0 | D:1      | Reached XP level 1. HP: 14/14 MP: 5/5
   256 | D:1      | Reached skill level 1 in Fighting
   285 | D:1      | Reached XP level 2. HP: 23/23 MP: 7/7
   288 | D:1      | Learned a level 2 spell: Call Imp
   508 | D:1      | Reached skill level 4 in Summonings
   802 | D:1      | Reached XP level 3. HP: 24/29 MP: 8/8
  1346 | D:2      | Noticed Jessica
  1351 | D:2      | Killed Jessica
  1398 | D:2      | Reached XP level 4. HP: 23/37 MP: 4/9
  1402 | D:2      | Learned a level 3 spell: Call Canine Familiar
  3057 | D:3      | You fall into a shaft and drop 2 floors!
  3057 | D:5      | Entered Level 5 of the Dungeon
  3146 | D:5      | Noticed an ice beast
  3192 | D:5      | Killed an ice beast
  3193 | D:5      | Reached skill level 5 in Summonings
  3193 | D:5      | Reached XP level 5. HP: 25/45 MP: 1/10
  3652 | D:5      | Noticed an ogre
  3664 | D:5      | Killed an ogre
  3665 | D:5      | Reached XP level 6. HP: 52/52 MP: 5/11
  3802 | D:4      | Noticed Ijyb
  3811 | D:4      | Killed Ijyb
  3865 | D:4      | Reached skill level 6 in Summonings
  3931 | D:4      | Found a transporter.
  4076 | D:4      | Noticed Natasha
  4088 | D:4      | Killed Natasha
  4089 | D:4      | Reached XP level 7. HP: 42/60 MP: 13/13
  4174 | D:4      | Found a transporter.
  4176 | D:4      | Noticed MoltyBleed's ghost (amateur DrFE)
  4313 | D:4      | Noticed Natasha
  4320 | D:4      | Killed Natasha
  4410 | D:4      | Noticed Natasha
  4417 | D:4      | Killed Natasha
  4418 | D:4      | Reached skill level 5 in Fighting
  5348 | D:5      | HP: 3/61 [poisoned by a killer bee]
  5348 | D:5      | HP: 1/61 [killer bee (2)]
  5348 | D:5      | Slain by a killer bee

Illustrated notes

Levels and vault maps discovered:
D:1:      dpeg_arrival_shrine, layout_basic, basic_ecumenical_altar
D:2:      layout_basic, hangedman_glass_garden, uniq_jessica
D:3:      layout_basic, minmay_misc_feat_hallway
D:4:      layout_loops_ring, gammafunk_ghost_mausoleum, uniq_ijyb, uniq_natasha
D:5:      layout_basic, elyvilon_altar_5, serial_aquarium,
          aquarium_bridge_long_separate [aquarium_subvault_bridge,
          aquarium_subvault_bridge, aquarium_subvault_wall,
          aquarium_subvault_bridge, aquarium_subvault_wall,
          aquarium_subvault_bridge], aquarium_window_1, aquarium_window_fake,
          aquarium_window_2, aquarium_window_1, aquarium_view_2a,
          aquarium_balcony_3b, aquarium_pool_side, dreamdust_wishing_well

Skill      XL: |  1  2  3  4  5  6  7 |
---------------+----------------------+-----
Fighting       | 1 2 3 4 5 |  5.2
Summonings     | 4 5 6 |  6.6
Spellcasting   | 2 |  2.0
Dodging        | |  1.7
Stealth        | |  1.7

Action                     |  1- 3 |  4- 6 |  7- 9 || total
---------------------------+-------+-------+-------++-------
  Melee: Rapier            |    88 |    10 |       ||    98
         Punch             |     1 |     1 |       ||     2
         Dagger            |       |    78 |    32 ||   110
   Cast: Summon Small Mamm |    22 |    11 |     2 ||    35
         Call Imp          |    10 |    14 |     3 ||    27
         Call Canine Famil |       |    12 |     4 ||    16
    Use: Scroll            |       |     5 |     1 ||     6
   Stab: Sleeping          |     5 |       |       ||     5
         Distracted        |       |     2 |       ||     2
 Armour: Robe              |    16 |    27 |     9 ||    52
  Dodge: Dodged            |    59 |    63 |    43 ||   165

Table legend: (Time is in decaauts)
 A = Elapsed time spent in this place.
 B = Non-inter-level travel time spent in this place.
 C = Inter-level travel time spent in this place.
 D = Time resting spent in this place.
 E = Time spent auto-exploring this place.
 F = Levels seen in this place.
 G = Mean time per level.
                   A        B        C        D        E       F      G
               +--------+--------+--------+--------+--------+-----+--------+
         Total |   5368 |   5193 |    175 |    356 |   3842 |   5 | 1073.6 |
       Dungeon |   5368 |   5193 |    175 |    356 |   3842 |   5 | 1073.6 |
               +--------+--------+--------+--------+--------+-----+--------+

Top non-repeatable levels by time:
     D:5: 1175 daAuts
     D:1: 1143 daAuts
     D:2: 1113 daAuts
     D:3: 1039 daAuts
     D:4: 895 daAuts
